 Dungeon Crawl Stone Soup version 0.30-a0-12-gd8047c6341 (webtiles) character file.

Game seed: 340231704279832357

3405 Zonian the Covert (level 9, -7/45 HPs)
             Began as a Spriggan Brigand on Aug 24, 2022.
             Was a Believer of Nemelex Xobeh.
             Mangled by a boulder beetle (18 damage)
             ... on level 7 of the Dungeon.
             The game lasted 00:32:55 (14703 turns).

Zonian the Covert (Spriggan Brigand)               Turns: 14703, Time: 00:32:55

Health: -7/45      AC:  4    Str:  7    XL:     9   Next: 75%
Magic:  10/10      EV: 23    Int: 13    God:    Nemelex Xobeh [**....]
Gold:   472        SH:  0    Dex: 20    Spells: 8/8 levels left

rFire   . . .      SeeInvis +    a - +3 dagger (venom)
rCold   . . .      Faith    .    (no shield)
rNeg    . . .      Spirit   .    b - +0 robe
rPois   .          Reflect  .    (helmet restricted)
rElec   .          Harm     .    c - +1 cloak
rCorr   .          Rampage  .    (gloves unavailable)
Will    +....                    (boots unavailable)
Stlth   +++++.....               (no amulet)
HPRegen 0.15/turn                (no ring)
MPRegen 0.12/turn                (no ring)

@: about to teleport, studying Ice Magic, very quick
A: very small, no large weapons, unfitting armour, see invisible, speed 3
a: Renounce Religion, Draw Escape, Draw Destruction, Draw Summoning


You were on level 7 of the Dungeon.
You worshipped Nemelex Xobeh.
Nemelex Xobeh was pleased with you.
You visited 1 branch of the dungeon, and saw 8 of its levels.
You also visited: Bailey.

You collected 609 gold pieces.
You spent 137 gold pieces at shops.

Inventory:

Hand Weapons
 a - a +3 dagger of venom (weapon)
 g - a +0 dagger of protection
 o - a +4 dagger
 s - a +1 spear of venom
 v - a +1 dagger of pain
 B - a +0 vorpal hand axe
 G - a +1 arbalest of flaming
 I - a +0 broad axe
Missiles
 d - 31 poisoned darts (quivered)
 e - 2 curare-tipped darts
 r - 18 boomerangs
 x - 2 boomerangs of dispersal
 F - 8 atropa-tipped darts
 H - 4 datura-tipped darts
Armour
 b - a +0 robe (worn)
 c - a +1 cloak (worn)
Jewellery
 i - a ring of positive energy
Wands
 j - a wand of digging (4)
 u - a wand of flame (7)
Scrolls
 n - a scroll of blinking
 p - 2 scrolls of amnesia
 y - 2 scrolls of identify
 z - a scroll of immolation
 A - a scroll of poison
Potions
 f - 2 potions of degeneration
 h - 4 potions of brilliance
 k - a potion of attraction
 l - 2 potions of curing
 m - 2 potions of haste
 q - 2 potions of flight
 t - 3 potions of mutation
 w - a potion of ambrosia {unknown}
 C - a potion of resistance {unknown}
 E - a potion of magic {unknown}


   Skills:
 - Level 4.0 Fighting
 - Level 10.0 Short Blades
 - Level 4.0 Throwing
 - Level 8.0 Dodging
 - Level 12.0 Stealth
 + Level 0.8 Evocations


You had 8 spell levels left.
You didn't know any spells.
Your spell library contained the following spells:

 Spells                   Type           Power      Damage    Failure   Level
 Sandblast                Erth           0%         2d4       30%         1
 Passwall                 Tmut/Erth      0%         N/A       43%         2
 Scorch                   Fire           0%         2d5       43%         2
 Ignite Poison            Fire/Tmut/Pois 0%         N/A       67%         3
 Mephitic Cloud           Conj/Pois/Air  0%         N/A       67%         3
 Stone Arrow              Conj/Erth      0%         3d7       67%         3
 Summon Guardian Golem    Hex/Summ       0%         N/A       67%         3
 Tukima's Dance           Hex            0%         N/A       67%         3
 Flame Wave               Conj/Fire      0%         2d4       97%         4
 Summon Lightning Spire   Summ/Air       0%         N/A       97%         4
 Freezing Cloud           Conj/Ice/Air   0%         6-21      100%        5
 Conjure Ball Lightning   Conj/Air       0%         3x3d6     100%        6
 Summon Cactus Giant      Summ           0%         N/A       100%        6
 Storm Form               Tmut/Air       0%         N/A       100%        7
 Discord                  Hex            0%         N/A       100%        8
 Disjunction              Tloc           0%         N/A       100%        8
 Maxwell's Capacitive Co  Air            0%         ∞         100%        8


Dungeon Overview and Level Annotations

Branches:
Dungeon (8/15)             Temple (0/1) D:6          Bailey (visited)
   Lair: D:8-11

Altars:
Dithmenos
Elyvilon
Fedhas
Hepliaklqana
Kikubaaqudgha
Nemelex Xobeh
Qazlal
Ru
Sif Muna
Uskayaw
Yredelemnul

Shops:
D:5 =   D:7 *   D:8 :

Annotations:
D:8 2 transporters


Innate Abilities, Weirdness & Mutations

You are very small and have problems with some larger weapons.
You are too small for most types of armour.
You have supernaturally acute eyesight. (SInv)
You cover ground extremely quickly. (Speed+++)


Message History

The centaur is severely wounded.
The centaur completely misses you. The centaur misses you.
You hit the centaur.
The centaur is almost dead.
You kill the centaur!
Training target 12.0 for Stealth reached!
Your Stealth skill increases to level 12!
You need to enable at least one skill for training.
Unknown command.
Items here: )) [ †.
Things that are here:
a +0 short sword; an orc corpse
d - 30 poisoned darts (gained 1)
d - 31 poisoned darts (gained 1)
You start resting.
You start resting.
A centaur is nearby!
Unknown command.
There is a stone staircase leading up here.
You climb upwards.
The boulder beetle bites you!!
Ouch! That really hurt!
* * * LOW HITPOINT WARNING * * *
There is a stone staircase leading down, spattered with blood here.
Unknown command.
A boulder beetle is nearby!
Unknown command.
The boulder beetle completely misses you.
The boulder beetle curls into a ball and begins rolling!
There is a broken door here.
There is an open door, spattered with blood here.
Things that are here:
a +0 leather armour; a +0 hand axe; an orc skeleton Blink to where?
Press: ? - help, Dir - move target
As you read the scroll of blinking, it crumbles to dust.
As you read the scroll of teleportation, it crumbles to dust.
You feel strangely unstable. The boulder beetle hits you!!
You die...
Your body disappears without a glow.

..#∩'.# ..###.# ).....# #)#####
#)# ########### #)# #....°....#
#.# #...○#○.⌠.# #.# #..B.#.°..#
#.# #>@..#..°.# #.# ######
##########o###### #.# #....#
#.#.# #...[.?.).# #.# #....#
#.#.# #.........# #.# #....#
#.#.# #.........# #.# ###.##
#.#.# #.........+ #.#
#####.####.#.################ #.#
#.............†.....[........
#.###.####.....########...#(.####


You could see a boulder beetle (rolling).

Vanquished Creatures
  Pikel (D:6)
  2 water moccasins
  9 orc warriors
  An ogre (D:7)
  A black bear (D:6)
  A centaur (D:8)
  3 kobold brigands (Bailey)
  A lemure (D:6)
  4 bullfrogs
  A necrophage (D:6)
  A scorpion (D:4)
  2 jellies
  4 killer bees
  2 howler monkeys (D:8)
  Crazy Yiuf (D:6)
  5 orc priests
  A gnoll bouda (D:6)
  2 hounds
  2 iguanas
  3 orc wizards (D:7)
  8 gnolls
  7 adders
  A shadow imp (D:6)
  A white imp (D:8)
  3 worms
  3 dart slugs
  27 orcs
  5 endoplasms
  2 giant cockroaches (D:4)
  14 goblins
  5 hobgoblins
  2 jackals (D:1)
  16 kobolds
  4 quokkas
  5 ball pythons
  8 bats
  4 frilled lizards
  11 rats
173 creatures vanquished.

Vanquished Creatures (collateral kills)
  A giant cockroach (Bailey)
1 creature vanquished.

Vanquished Creatures (others)
  A plant (D:6)
  3 withered plants (D:6)
4 creatures vanquished.

Grand Total: 178 creatures vanquished

Notes
Turn   | Place    | Note
-------+----------+-------------------------------------------
     0 | D:1      | Zonian the Spriggan Brigand began the quest for the Orb.
     0 | D:1      | Reached XP level 1. HP: 10/10 MP: 2/2
   195 | D:1      | Reached skill level 6 in Stealth
   195 | D:1      | Reached XP level 2. HP: 15/15 MP: 3/3
  1066 | D:1      | Reached XP level 3. HP: 11/18 MP: 4/4
  1933 | D:2      | Got Sif Muna's Compendium of Beguiling
  2482 | D:3      | Found a faded altar of an unknown god.
  2502 | D:3      | Found a shimmering blue altar of Sif Muna.
  2560 | D:3      | Found a sparkling altar of Nemelex Xobeh.
  2576 | D:3      | Became a worshipper of Nemelex Xobeh the Trickster
  2820 | D:3      | Reached XP level 4. HP: 23/23 MP: 5/5
  3146 | D:3      | Noticed an ice beast
  3237 | D:3      | Found a white marble altar of Elyvilon.
  3632 | D:4      | Reached * piety under Nemelex Xobeh
  3677 | D:4      | Noticed a scorpion
  3682 | D:4      | Killed a scorpion
  3683 | D:4      | Reached XP level 5. HP: 27/27 MP: 6/6
  3778 | D:4      | Found a basalt altar of Yredelemnul.
  3839 | D:4      | Received a gift from Nemelex Xobeh
  4326 | D:4      | Found a stormy altar of Qazlal.
  4663 | D:4      | Reached skill level 7 in Stealth
  4894 | D:5      | Entered Level 5 of the Dungeon
  4903 | D:5      | Found a sacrificial altar of Ru.
  5092 | D:5      | Reached XP level 6. HP: 18/32 MP: 7/7
  5731 | D:5      | Found Locuzeer's Jewellery Boutique.
  6314 | D:5      | Found a shadowy altar of Dithmenos.
  6873 | D:5      | Found a hazy altar of Hepliaklqana.
  6875 | D:5      | Found a hide-covered altar of Uskayaw.
  7660 | D:5      | Identified a scroll of acquirement
  7660 | D:5      | Acquired a manual of Ice Magic
  7758 | D:6      | Noticed Grinder
  8144 | D:6      | Noticed an orc warrior
  8690 | D:6      | Reached XP level 7. HP: 30/36 MP: 8/8
  9384 | D:6      | Received a gift from Nemelex Xobeh
  9531 | D:6      | Reached skill level 8 in Stealth
  9791 | D:6      | Reached skill level 5 in Dodging
  9796 | D:6      | Reached ** piety under Nemelex Xobeh
  9801 | D:6      | Found a staircase to the Ecumenical Temple.
  9836 | D:6      | Found a runed translucent door.
  9837 | D:6      | Noticed Crazy Yiuf
 10105 | D:6      | Killed Crazy Yiuf
 10476 | D:6      | Found a blossoming altar of Fedhas.
 10478 | D:6      | Found an ancient bone altar of Kikubaaqudgha.
 10501 | D:6      | Reached skill level 5 in Short Blades
 10590 | D:6      | Noticed Pikel
 10807 | D:6      | Noticed Grinder
 10807 | D:6      | Grinder changed into Grinder the lemure
 10813 | D:6      | Killed Grinder the lemure
 10814 | D:6      | Reached XP level 8. HP: 32/42 MP: 9/9
 11088 | D:6      | Killed Pikel
 12133 | D:7      | Received a gift from Nemelex Xobeh
 12203 | D:7      | Found Aseivveh's Assorted Antiques.
 12255 | D:7      | Bought a scroll labelled COYGOL MAHAUNO for 28 gold pieces
 12255 | D:7      | Bought a scroll of teleportation for 84 gold pieces
 12255 | D:7      | Bought a green potion for 25 gold pieces
 12505 | D:8      | Noticed a kobold demonologist
 12505 | D:8      | Found a transporter.
 12511 | D:8      | Found a transporter.
 12527 | D:8      | Reached XP level 9. HP: 38/45 MP: 10/10
 12725 | D:8      | Found Raimiec's Book Boutique.
 12747 | D:8      | Found a flagged portal.
 12761 | Bailey   | Entered a bailey
 13337 | Bailey   | Reached skill level 10 in Short Blades
 13648 | Bailey   | Found a bloodstained altar of Trog.
 13674 | Bailey   | Reached skill level 9 in Stealth
 13704 | Bailey   | Reached skill level 10 in Stealth
 14115 | D:8      | Reached skill level 11 in Stealth
 14158 | D:7      | Noticed a boulder beetle
 14598 | D:8      | Reached skill level 12 in Stealth
 14703 | D:7      | Mangled by a boulder beetle

Illustrated notes

Levels and vault maps discovered:
D:1:      lightli_arrival_windingriver, layout_basic, minmay_small_reverse_x
D:2:      layout_loops_ring
D:3:      layout_basic, elyvilon_altar_3, mainiacjoe_overflow_six_doors_small,
          nicolae_sif_muna_little_library, hellmonk_ecumenical_altar_crossroads,
          st_stairs_6, nicolae_figureground_sparkle
D:4:      layout_loops_corners, mainiacjoe_overflow_chevrons,
          lemuel_round_altar, grunt_ministairs_4
D:5:      layout_rooms, lemuel_crystal_altar,
          mainiacjoe_overflow_small_starburst, grunt_temple_overflow_open,
          serial_shops, shop
D:6:      layout_gridville, grunt_temple_overflow_growth_and_decay,
          minmay_temple_entry_wispy, uniq_pikel, uniq_crazy_yiuf_cottage,
          uniq_grinder
D:7:      minmay_klotski, layout_rooms, serial_shops,
          nicolae_shop_window_shopping, grunt_decor_junction,
          minmay_strange_pillars
D:8:      gammafunk_wand_slinger, layout_cave_pods, enter_bailey_5,
          serial_shops, nicolae_diamond_shop, nicolae_shop_stone,
          nicolae_shop_waterfront, shop_statue, uniq_maggie

Skill      XL: |  1  2  3  4  5  6  7  8  9 |
---------------+----------------------------+-----
Stealth        | 6 7 8 12 | 12.0
Dodging        | 2 3 4 6 8 |  8.0
Fighting       | 2 3 4 |  4.0
Short Blades   | 3 4 5 8 10 | 10.0
Throwing       | 3 4 |  4.0
Evocations     | |  0.8

Action                   |  1- 3 |  4- 6 |  7- 9 || total
-------------------------+-------+-------+-------++-------
Melee: Dagger            |   130 |   180 |   298 ||   608
       Punch             |     2 |     2 |     5 ||     9
Throw: Dart              |     3 |    12 |    30 ||    45
       Boomerang         |       |       |     5 ||     5
Invok: Draw Destruction  |       |       |     8 ||     8
       Draw Summoning    |       |       |     1 ||     1
Evoke: Wand              |       |       |     7 ||     7
  Use: Scroll            |     9 |     8 |     9 ||    26
       Potion            |       |       |     1 ||     1
 Stab: Sleeping          |    21 |    14 |     5 ||    40
       Distracted        |       |     1 |     2 ||     3
Armor: Robe              |    29 |    14 |    24 ||    67
Dodge: Dodged            |    92 |   113 |   196 ||   401

Table legend: (Time is in decaauts)
 A = Elapsed time spent in this place.
 B = Non-inter-level travel time spent in this place.
 C = Inter-level travel time spent in this place.
 D = Time resting spent in this place.
 E = Time spent auto-exploring this place.
 F = Levels seen in this place.
 G = Mean time per level.
                   A        B        C        D        E       F      G
               +--------+--------+--------+--------+--------+-----+--------+
         Total |  12166 |  11908 |    258 |   6761 |   3036 |   9 | 1351.8 |
       Dungeon |  10964 |  10706 |    258 |   5824 |   3036 |   8 | 1370.5 |
        Bailey |   1201 |   1201 |      0 |    937 |      0 |   1 | 1201.0 |
               +--------+--------+--------+--------+--------+-----+--------+

Top non-repeatable levels by time:
     D:5: 2781 daAuts
     D:4: 2593 daAuts
     D:6: 1940 daAuts
  Bailey: 1201 daAuts
     D:1: 1072 daAuts
     D:3: 754 daAuts
     D:2: 710 daAuts
     D:8: 655 daAuts
     D:7: 456 daAuts
